AoeStats
← 欢乐小菜鸟

Black Forest

506840789Analyzed
4v4 RM · 17d ago on Sep 15, 2026· 42m 23s· 8 players
Game mode
Random Map
Map size
Large (8 player)
Population
200
Speed
Normal
Resources
Standard
Victory
Conquest
Starting age
Dark Age
Ending age
Imperial Age
RankedLock teamsTeams togetherTeam positionsShared explorationLock speedFull tech treeHidden civsTurbo modeCheats
Victory
Defeat
🇨🇳 Franks · China
974
+19
🇻🇳 Ethiopians · Vietnam
972
+19
🇿🇦 Japanese · South Africa
956
+56
🇨🇳 Hindustanis · China
919
+21
🇹🇼 Goths · Taiwan
1073
-21
🇹🇼 Turks · Taiwan
1044
-20
🇹🇼 Maya · Taiwan
1031
-19
🇹🇼 Japanese · Taiwan
1007
-19
phaple295
1:50 Loom
14:43 Feudal Age
18:58 Man-at-Arms
41:07 Wheelbarrow
小笨狸
8:51 Feudal Age
8:54 Man-at-Arms
9:59 Arson
13:40 Double-Bit Axe
16:24 Fletching
18:49 Scale Mail Armor
19:47 Wheelbarrow
20:06 Horse Collar
23:19 Castle Age
23:56 Bodkin Arrow
23:21 Crossbowman
25:24 Bow Saw
25:13 Fishing Lines
30:33 Hand Cart
32:26 Gillnets
35:19 Imperial Age
33:21 Ballistics
33:07 Gold Mining
33:45 Long Swordsman
34:17 Loom
34:17 Town Watch
34:38 Heavy Plow
35:06 Chain Mail Armor
35:02 Forging
35:03 Squires
34:48 Gambesons
35:59 Gold Shaft Mining
35:14 Stone Mining
35:24 Two-Handed Swordsman
36:38 Plate Mail Armor
36:19 Champion
38:49 Two-Man Saw
38:58 Iron Casting
40:41 Blast Furnace
欢乐小菜鸟
8:04 Loom
12:08 Feudal Age
13:23 Double-Bit Axe
16:17 Castle Age
14:50 Fishing Lines
17:29 Gillnets
22:09 Wheelbarrow
24:45 Hand Cart
27:00 Town Watch
28:17 Husbandry
28:52 Scale Barding Armor
31:20 Imperial Age
30:04 Chain Barding Armor
30:27 Gold Mining
30:27 Stone Mining
31:18 Forging
31:12 Padded Archer Armor
31:02 Fletching
30:53 Elite Skirmisher
32:05 Ballistics
33:04 Chemistry
32:42 Plate Barding Armor
32:43 Iron Casting
31:33 Cavalier
33:31 Siege Engineers
33:26 Bodkin Arrow
33:47 Leather Archer Armor
33:33 Scale Mail Armor
33:39 Town Patrol
33:56 Cavalier
35:05 Masonry
35:06 Fortified Wall
34:51 Murder Holes
37:01 Chivalry
37:21 Conscription
36:57 Paladin
38:27 Chain Mail Armor
39:13 Blast Furnace
1625953570
1:07 Loom
11:00 Feudal Age
15:51 Castle Age
15:08 Wheelbarrow
14:26 Double-Bit Axe
16:39 Wheelbarrow
25:12 Hand Cart
30:26 Imperial Age
29:45 Bow Saw
29:20 Horse Collar
30:43 Grand Trunk Road
31:13 Heavy Plow
30:57 Fishing Lines
32:28 Chemistry
31:34 Siege Engineers
31:45 Forging
31:41 Scale Barding Armor
32:27 Conscription
33:08 Iron Casting
32:39 Husbandry
32:49 Bloodlines
32:00 Light Cavalry
34:16 Hussar
35:07 Gold Mining
35:08 Stone Mining
36:31 Two-Man Saw
36:29 Ballistics
38:00 Blast Furnace
37:21 Chain Barding Armor
37:39 Murder Holes
39:23 Fletching
41:46 Masonry
"Jihei endonka"
1:32 Loom
10:53 Feudal Age
11:59 Double-Bit Axe
11:49 Man-at-Arms
14:50 Forging
15:31 Scale Mail Armor
19:21 Horse Collar
22:30 Castle Age
21:49 Gold Mining
22:31 Pikeman
22:32 Long Swordsman
23:46 Chain Mail Armor
27:19 Iron Casting
27:27 Squires
29:40 Wheelbarrow
28:50 Town Watch
36:13 Bow Saw
36:11 Heavy Plow
39:34 Imperial Age
38:22 Hand Cart
38:07 Town Patrol
40:30 Stone Mining
40:05 Two-Handed Swordsman
40:13 Halberdier
42:29 Blast Furnace
41:30 Padded Archer Armor
41:35 Scale Barding Armor
41:22 Fletching
42:14 Stone Shaft Mining
41:38 Champion
Tapiru
0:26 Loom
12:27 Feudal Age
25:31 Double-Bit Axe
28:09 Horse Collar
34:06 Castle Age
福瓜
0:42 Loom
10:56 Feudal Age
13:12 Double-Bit Axe
17:18 Castle Age
15:23 Gold Mining
17:00 Forging
18:39 Gold Shaft Mining
19:37 Crossbowman
20:17 Fletching
21:41 Bodkin Arrow
25:58 Wheelbarrow
25:47 Bow Saw
31:13 Imperial Age
30:37 Scale Barding Armor
32:13 Bracer
33:20 Chain Barding Armor
37:30 Iron Casting
雷孟
4:16 Loom
13:11 Feudal Age
17:45 Castle Age
15:37 Fishing Lines
17:11 Double-Bit Axe
18:53 Bow Saw
18:26 Horse Collar
20:58 Heavy Plow
23:40 Gillnets
26:26 Wheelbarrow
27:09 Man-at-Arms
27:11 Pikeman
27:51 Squires
27:37 Gambesons
28:32 Caravan
29:17 Gold Mining
29:56 Long Swordsman
34:03 Imperial Age
32:24 Hand Cart
31:56 Town Watch
32:25 Scale Mail Armor
32:16 Fletching
35:30 Conscription
35:32 Kataparuto
35:49 Hoardings
34:35 Elite Samurai
35:26 Town Patrol
35:30 Halberdier
35:30 Two-Handed Swordsman
37:11 Gold Shaft Mining
36:26 Stone Mining
37:14 Champion
39:20 Arson
40:00 Chain Mail Armor
39:55 Forging
Connection lost

Rejoining the realm…

Still unreachable

The connection could not be restored.

Session expired

The server has moved on; the page needs a fresh start.